FIQ, chaotic male vampiric Wizard ---- |..| ------ |..---.--.-- ----- --.........-------...| |.....^......--.....| -.>.................| .............|......-- ..|.........---......| ..|...---.-----.....----------- .%%....*....................... ...%((..--..--..-------------.. ---.%<-.--......| ---.--- |.. -..........-.-----.....----.- .....(...................... -..II|...-------......-----. ..I@|--.---- --...... I-- |....-- --...... --....| |....... --...| --..|.-- ----- ------ FIQ the Thaumaturge Experience level: 8 Strength: 13 Dexterity: 13 Constitution: 16 Intelligence: 18 Wisdom: 10 Charisma: 9 Health: 0(66) Energy: 105(105) AC: 3 Gold: 276 Moves: 3850 Your Inventory: Coins $ - 276 gold pieces Weapons F - 2 [uncursed +0] runed daggers [elven] (wielded) I - an [uncursed +0] axe Armor b - a blessed +0 cloak of magic resistance (being worn) r - a cursed -1 pair of jumping boots (being worn) H - an [uncursed] +0 dwarvish mithril-coat (being worn) J - an [uncursed] +0 dwarvish iron helm K - an uncursed +0 dwarvish iron helm L - an uncursed +0 pair of iron shoes M - an uncursed +1 pair of iron shoes Scrolls i - an uncursed scroll of light j - an uncursed scroll of create monster k - an uncursed scroll of destroy armor p - an [uncursed] scroll called enchant weapon [of enchant weapon] y - an [uncursed] unlabeled scroll [of blank paper] z - a [blessed] unlabeled scroll [of blank paper] C - an [uncursed] scroll of teleportation Spellbooks l - a blessed spellbook of force bolt m - an uncursed spellbook of detect food Rings d - an uncursed ring of invisibility e - an uncursed +1 ring of gain intelligence Wands c - an uncursed wand of magic missile (0:3) E - an [uncursed] wand of magic missile [0:2] N - an uncursed wand of digging (0:7) Tools n - an uncursed magic marker (0:70) t - an [uncursed] blindfold Spells known in the end: Name Level Category Fail Memory a - force bolt 1 attack 40% [|||||||.] b - detect food 2 divination 84% [|||||||.] Your skills at the end: Fighting Skills Weapon Skills quarterstaff [Basic / Expert] Spellcasting Skills attack spells [Basic / Expert] enchantment spells [Basic / Skilled] Final Attributes: You were piously aligned. Hunger level was 195. Your alignment was 28 / 29. Monster difficulty range was 1 - 7. Level difficulty was 6. You were immune to level-drain. You were magic-protected. You were blinded. You saw invisible. You could jump. You could fly. You could survive without air. You regenerated. Your luck was zero. You are dead. Vanquished creatures: a small mimic a dingo a water nymph 4 Mordor orcs a yellow light a shrieker 7 gnome lords a black naga hatchling a paper golem a wax golem a little dog a kitten 10 dwarves 2 rothes 2 killer bees 3 hobbits 7 manes a brown mold 35 gnomes 2 geckos 2 jackals a goblin 2 sewer rats a lichen 2 kobold zombies 3 newts 94 creatures vanquished. Voluntary challenges: You used a wielded weapon 101 times. You read items or engraved 7 times. You put on armor 6 times. You never genocided any monsters. You never polymorphed an object. You never changed form. You used no wishes. You wrote Elbereth's name 2 times. You never encountered a bones level. You never used any Sokoban shortcuts. Dungeon overview: The Dungeons of Doom: levels 1 to 2 Level 1 a long staircase Level 2 stairs to The Gnomish Mines The Gnomish Mines: levels 3 to 6 Level 3 stairs to The Dungeons of Doom Level 5 some shops, a temple, a magic chest, some fountains, a tree Level 6 <- You were here History has recorded: On T:1 you entered the Dungeons of Doom to retrieve the Amulet of Yendor! On T:438 you reached level 2 of The Dungeons of Doom. On T:796 you reached level 1 of The Gnomish Mines. On T:801 you advanced to experience level 2. On T:804 you advanced to experience level 3. On T:847 you advanced to experience level 4. On T:987 you advanced to experience level 5. On T:1681 you reached level 2 of The Gnomish Mines. On T:1717 you advanced to experience level 6. On T:2858 you advanced to experience level 7. On T:3040 you reached level 3 of The Gnomish Mines. On T:3527 you reached level 4 of The Gnomish Mines. On T:3647 you advanced to experience level 8. Latest messages: You feel that Anhur is well-pleased. You feel much better. [HP+60=66] [3 turns] It hits! It just misses! It bites! (2x) It just misses! (2x) It bites! It misses. [HP-11=55] It hits! (2x) It bites! (2x) It misses. It bites! (2x) [HP-16=39] You miss it. (2x) It misses. It hits! It bites! (2x) It butts! You die... Final status: Goodbye FIQ the Wizard... You died in The Gnomish Mines on dungeon level 6 with 2891 points, and 276 pieces of gold, after 3850 moves. You were level 8 with a maximum of 66 hit points when you died.